 Dungeon Crawl Stone Soup version 0.31-a0-313-g785cd24033 (webtiles) character file.

Game seed: 17425127154980147001

1 Prop the Stinger (level 1, 0/13 HPs)
             Began as a Human Wanderer on July 17, 2023.
             Frozen to death by an endoplasm (4 damage)
             ... on level 1 of the Dungeon.
             The game lasted 00:01:47 (49 turns).

Prop the Stinger (Human Wanderer)                     Turns: 49, Time: 00:01:53

Health: 0/13       AC:  2    Str: 12    XL:     1   Next: 22%
Magic:  2/2        EV: 11    Int: 12    God:
Gold:   0          SH:  0    Dex: 12    Spells: 1/2 levels left

rFire   . . .        a - +2 mace
rCold   . . .        (no shield)
rNeg    . . .        d - +0 robe
rPois   .            (no helmet)
rElec   .            (no cloak)
rCorr   .            (no gloves)
SInv    .            (no boots)
Will    .....        (no amulet)
Stlth   +            (no ring)
HPRegen 0.22/turn    (no ring)
MPRegen 0.08/turn

%: no passive effects
@: no status effects
A: no striking features
a: no special abilities


You were on level 1 of the Dungeon.
You visited 1 branch of the dungeon, and saw 1 of its levels.

Inventory:

Hand Weapons
 a - a +2 mace (weapon)
Armour
 d - a +0 robe (worn)
Scrolls
 c - a scroll of silence
Miscellaneous
 b - a piece from Xom's chessboard (15/15)


   Skills:
 + Level 2.0 Maces & Flails
 + Level 1.0 Dodging
 + Level 1.0 Spellcasting
 + Level 3.1 Poison Magic
 + Level 3.0 Evocations


You had one spell level left.
You knew the following spells:

 Your Spells              Type           Power      Damage    Failure   Level
a - Sting                 Tmut/Pois      16%        1d3       16%         1

Your spell library contained the following spells:

 Spells                   Type           Power      Damage    Failure   Level
 Mephitic Cloud           Conj/Pois/Air  3%         N/A       52%         3


Dungeon Overview and Level Annotations

Branches:
Dungeon (1/15)

Altars:


Message History

The plant is lightly damaged.
You hit the plant.
The plant is lightly damaged.
You hit the plant.
The plant is lightly damaged.
A nearby plant withers and dies.
You enter the shallow water.
Moving in this stuff is going to be slow.
You open the door.
There is an open door here.
A quokka comes into view.
The quokka bites you.
You thump the quokka!
You kill the quokka!
You see here a quokka corpse.
Found 17 gold pieces.
An endoplasm comes into view.
The endoplasm quivers.
A rat comes into view.
A rat comes into view.
Found a stone staircase leading down.
The rat twitches its whiskers.
You see here 17 gold pieces.
Found a dagger.
The endoplasm barely misses you.
You hit the endoplasm but do no damage. The endoplasm hits you.
You hit the endoplasm but do no damage. The endoplasm freezes you.
You are frozen.
You hit the endoplasm.
The endoplasm is heavily wounded.
The endoplasm barely misses you.
You hit the endoplasm.
The endoplasm is almost dead.
The rat barely misses you. The rat bites you but does no damage.
The endoplasm freezes you.
You are frozen.
The rat misses you. The endoplasm freezes you.
You are frozen.
You die...

#.............#
#......†....### #.
#...........# ...
#...........###...
#.................
#.................
..................
......###r........
.........r@J.#....
...###....$.## ...
..............# ##
............#
.......#......
)......#........
................
..>...........#.
..... .......#


You could see an endoplasm and 2 rats.

Vanquished Creatures
  A quokka (D:1)
1 creature vanquished.

Notes
Turn   | Place    | Note
-------+----------+-------------------------------------------
     0 | D:1      | Prop the Human Wanderer began the quest for the Orb.
     0 | D:1      | Prop set off with the following items: a +2 mace, a piece
                  | from Xom's chessboard (15/15), a scroll of silence, a +0
                  | robe; and the following spell memorised: Sting; and the
                  | following spells available to memorise: Mephitic Cloud.
     0 | D:1      | Reached XP level 1. HP: 13/13 MP: 2/2
    49 | D:1      | Frozen to death by an endoplasm

Illustrated notes

Levels and vault maps discovered:
D:1:      tarquinn_simple_flora_water_e, layout_basic, serial_shops, shop

Action                     || total
---------------------------++-------
  Melee: Mace              ||    18
 Armour: Robe              ||     1
  Dodge: Dodged            ||     4

Table legend: (Time is in decaauts)
 A = Elapsed time spent in this place.
 B = Non-inter-level travel time spent in this place.
 C = Inter-level travel time spent in this place.
 D = Time resting spent in this place.
 E = Time spent auto-exploring this place.
 F = Levels seen in this place.
 G = Mean time per level.
                   A        B        C        D        E       F      G
               +--------+--------+--------+--------+--------+-----+--------+
         Total |     55 |     52 |      3 |      0 |      0 |   1 |   55.0 |
       Dungeon |     55 |     52 |      3 |      0 |      0 |   1 |   55.0 |
               +--------+--------+--------+--------+--------+-----+--------+

Top non-repeatable levels by time:
     D:1: 55 daAuts
